 Dungeon Crawl Stone Soup version bcrawl-1.12-11-gb93c957c58 (console) character file.

Game seed: 17222985575061383694

45 CALLOUS the Ogre Mage (level 3, -3/36 HPs)
             Began as an Ogre Transmuter on June 30, 2019.
             Slain by Sigmund
             ... wielding a +0 scythe
              (14 damage)
             ... on level 2 of the Dungeon.
             The game lasted 00:17:02 (1818 turns).

CALLOUS the Ogre Mage (Ogre Transmuter)             Turns: 1818, Time: 00:17:03

Health: -3/36      AC:  3    Str: 15    XL:     3   Next: 64%
Magic:  8/8        EV: 10    Int: 14    God:
Gold:   36         SH:  0    Dex:  9    Spells: 6/9 levels left

rFire    . . .     SeeInvis .     - Unarmed
rCold    . . .     Gourm    .   (no shield)
rNeg     . . .     Faith    .   b - +0 robe
rPois    .         Spirit   .   (helmet restricted)
rElec    .         Reflect  .   (no cloak)
rCorr    .         Harm     .   (gloves unavailable)
MR       .....                  (boots unavailable)
Stlth    +.........             (no amulet)
HPRegen  0.12/turn              (no ring)
MPRegen  0.11/turn              (no ring)

@: no status effects
A: large, unfitting armour, tough skin 1
a: no special abilities


You were on level 2 of the Dungeon.
You were not hungry.

You visited 1 branch of the dungeon, and saw 2 of its levels.

You collected 36 gold pieces.

Inventory:

Hand Weapons
 g - a +0 mace
 n - a +0 club
Missiles
 a - 120 arrows
 l - 173 sling bullets
Armour
 b - a +0 robe (worn)
Jewellery
 h - a +5 ring of intelligence {unknown}
 o - an uncursed amulet of the acrobat {unknown}
Scrolls
 j - a scroll of remove curse {unknown}
 k - a scroll of blinking {unknown}
 p - a scroll of teleportation {unknown}
Potions
 d - a potion of lignification
 i - a potion of mutation {unknown}
 m - a potion of heal wounds {unknown}
Comestibles
 f - a ration {!d}


   Skills:
 * Level 2.3 Fighting
 * Level 1.0 Maces & Flails
 + Level 2.1 Dodging
 - Level 2.6 Unarmed Combat
 * Level 3.5 Spellcasting
 - Level 1.7 Transmutations


You had 6 spell levels left.
You knew the following spells:

 Your Spells              Type           Power        Failure   Level  Hunger
a - Beastly Appendage     Tmut           #.....       10%         1    #......
b - Sticks to Snakes      Tmut           #.......     16%         2    ##.....

Your spell library contained the following spells:

 Spells                   Type           Power        Failure   Level  Hunger
 Spider Form              Tmut/Pois      #.........   38%         3    ###....
 Ice Form                 Ice/Tmut       #.......     80%         4    #####..
 Blade Hands              Tmut           #.........   95%         5    ######.


Dungeon Overview and Level Annotations

Branches:
Dungeon (2/12)

Altars:

Annotations:
D:2 Sigmund


Innate Abilities, Weirdness & Mutations

You are too large for most types of armour.
You have tough skin. (AC +1)


Message History

You hit the quokka but do no damage. You claw the quokka.
The quokka is almost dead.
The quokka closely misses you.
You hit the quokka.
You kill the quokka!
Sigmund barely misses you.
You see here a quokka corpse.
Your talons disappear.
There is an open door here.
As you close the door, it creaks loudly!
Sigmund opens the door.
Sigmund points at you and mumbles some strange words.
You are confused.
You bump into the rock wall.
Sigmund gestures at you while chanting. The puff of flame hits you!
You bump into the rock wall.
You feel less confused.
Sigmund hits you from afar with a +0 scythe!
You die...

##.#...........# #.....
#.............# ####..
##.@..........# #..
#............# ###
#.##@######### #.##.#
############## .. #..#.#
#.............
....##.#.#####.############
..........@............
.....###..#.###.#.#####
.... #..#@# #.#.# ...
#..#.# #.# # ## #..#.# #.#
#..#.# #.# #..#.# #.#
#..#.# .# #..#.# #.#


You could see Sigmund.

Vanquished Creatures
  An ooze (D:1)
  4 worms
  2 dart slugs
  A giant cockroach (D:1)
  2 goblins (D:1)
  2 hobgoblins (D:1)
  3 kobolds
  A quokka (D:2)
  A ball python (D:1)
  4 bats (D:1)
  2 frilled lizards (D:1)
  5 rats (D:1)
28 creatures vanquished.

Notes
Turn   | Place    | Note
-------+----------+-------------------------------------------
     0 | D:1      | CALLOUS the Ogre Transmuter began the quest for the Orb.
     0 | D:1      | Reached XP level 1. HP: 19/19 MP: 3/3
   239 | D:1      | Reached XP level 2. HP: 28/28 MP: 5/5
   243 | D:1      | Learned a level 2 spell: Sticks to Snakes
   308 | D:1      | Reached skill level 3 in Spellcasting
   871 | D:1      | Reached XP level 3. HP: 15/35 MP: 7/7
  1482 | D:2      | Reached skill level 1 in Maces & Flails
  1764 | D:2      | Noticed Sigmund
  1818 | D:2      | Slain by Sigmund

Skill      XL: |  1  2  3 |
---------------+----------+-----
Fighting       | 2 |  2.3
Dodging        | 2 |  2.1
Spellcasting   | 3 |  3.5
Maces & Flails | 1 |  1.0
Unarmed Combat | |  2.6
Transmutations | |  1.7

Action                   || total
-------------------------++-------
Melee: Unarmed           ||   148
       Headbutt          ||    11
       Kick              ||    13
       Punch             ||     2
 Cast: Beastly Appendage ||    31
 Stab: Sleeping          ||     2
  Eat: Chunk             ||     3
Armor: Robe              ||    32
Dodge: Dodged            ||    65
